 Dungeon Crawl Stone Soup version 0.29.1-15-g9cfb28693d (webtiles) character file.

Game seed: 2952853344450173716

469708 KidAlby the Impregnable (level 23, -22/236 HPs)
             Began as a Minotaur Berserker on Apr 10, 2023.
             Was a High Priest of Trog.
             Killed from afar by a war gargoyle (53 damage)
             ... with a spray of metal splinters
             ... on level 5 of the Vaults on Apr 11, 2023.
             The game lasted 05:21:45 (50277 turns).

KidAlby the Impregnable (Minotaur Berserker)       Turns: 50277, Time: 05:21:46

Health: -22/236    AC: 38    Str: 41    XL:     23   Next: 51%
Magic:  19/19      EV: 14    Int:  6    God:    Trog [*****.]
Gold:   2906       SH:  5    Dex: 11    Spells: 22/22 levels left

rFire   + . .      SeeInvis +   h - +7 executioner's axe (flame)
rCold   + + +      Faith    .   (shield currently unavailable)
rNeg    . . .      Spirit   .   y - +8 plate armour "Xonoisho" {rPois rF+ Str+5}
rPois   +          Reflect  +   o - +2 hat "Qibluic" {rElec rPois rC+ Str+2}
rElec   +          Harm     .   (no cloak)
rCorr   +          Rampage  .   n - +2 pair of gloves {Str+3}
Will    +++..                   a - +0 pair of boots of the Ecumenical Temple {rPois rC++ Regen+ Str-4}
Stlth   ..........              i - amulet of reflection
HPRegen 2.29/turn               Y - ring of see invisible
MPRegen 0.16/turn               E - ring "Joel" {rElec rCorr Str+5}

@: strong-willed, regenerating, slowed, studying Unarmed Combat, very slow
A: horns 2, retaliatory headbutt, low MP 1, passive freeze, screaming 1
}: 2/15 runes: decaying, serpentine
a: Renounce Religion, Berserk, Trog's Hand, Brothers in Arms


You were on level 5 of the Vaults.
You worshipped Trog.
Trog was extremely pleased with you.
You visited 8 branches of the dungeon, and saw 40 of its levels.
You visited the Abyss 1 time.
You visited 1 bazaar.
You also visited: Wizlab and Desolation.

You collected 5660 gold pieces.
You spent 2754 gold pieces at shops.

Inventory:

Hand Weapons
 b - the +4 arbalest "Leuw" {flame, rElec rPois rF- rC++}
   (You bought it in a shop on level 4 of the Dungeon)

   Any ammunition fired from it burns those it strikes, dealing additional fire
   damage.
   rF:        It makes you vulnerable to fire.
   rC:        It greatly protects you from cold.
   rElec:     It insulates you from electricity.
   rPois:     It protects you from poison.
 h - a +7 executioner's axe of flaming (weapon)
 t - the +6 trident "Xisev" {venom, rF+ Str+3}
   (You took it off a spriggan on level 3 of the Lair of Beasts)

   It poisons the flesh of those it strikes.
   Str:       It affects your strength (+3).
   rF:        It protects you from fire.
 P - a +4 antimagic quarterstaff
 Q - the +10 great mace "Niroecw" {spect, rN+}
   (You found it in a wizard's laboratory)

   When its wielder attacks, the weapon's spirit leaps out and strikes again.
   The spirit shares a part of any damage it takes with its wielder.
   rN:        It protects you from negative energy.
 S - a +8 battleaxe of freezing
 T - a +5 vorpal lajatang
 X - the +10 quarterstaff "Kobom" {venom, rElec rC+ Dex+3}
   (You found it in the Desolation of Salt)

   It poisons the flesh of those it strikes.
   Dex:       It affects your dexterity (+3).
   rC:        It protects you from cold.
   rElec:     It insulates you from electricity.
Armour
 a - the +0 pair of boots of the Ecumenical Temple (worn) {rPois rC++ Regen+ Str-4}
   (You found it on level 9 of the Dungeon)

   Str:       It affects your strength (-4).
   rC:        It greatly protects you from cold.
   rPois:     It protects you from poison.
   Regen:     It increases your rate of health regeneration.
 m - the +1 cloak "Eroall" {Drain rElec Regen+ Dex-4}
   (You found it on level 4 of the Depths)

   Dex:       It affects your dexterity (-4).
   rElec:     It insulates you from electricity.
   Regen:     It increases your rate of health regeneration.
   Drain:     It drains your maximum health when unequipped.
 n - a +2 pair of gloves of strength (worn)
 o - the +2 hat "Qibluic" (worn) {rElec rPois rC+ Str+2}
   (You acquired it on level 11 of the Dungeon)

   Str:       It affects your strength (+2).
   rC:        It protects you from cold.
   rElec:     It insulates you from electricity.
   rPois:     It protects you from poison.
 y - the +8 plate armour "Xonoisho" (worn) {rPois rF+ Str+5}
   (You bought it in a shop on level 10 of the Dungeon)

   Str:       It affects your strength (+5).
   rF:        It protects you from fire.
   rPois:     It protects you from poison.
Jewellery
 g - a ring of fire
 i - an amulet of reflection (around neck)
 r - a ring of willpower
 D - a ring of poison resistance
 E - the ring "Joel" (right hand) {rElec rCorr Str+5}
   (You found it in the Desolation of Salt)

   [ring of resist corrosion]

   Str:       It affects your strength (+5).
   rElec:     It insulates you from electricity.
   rCorr:     It protects you from acid and corrosion.
 F - the ring of Wu Jian, Changing {Ice Will+}
   (You found it in a wizard's laboratory)

   [ring of ice]

   It enhances your ice magic.
   rF:        It makes you vulnerable to fire.
   rC:        It protects you from cold.
   Will:      It increases your willpower.
 G - an amulet of regeneration
 N - a ring of flight
 Y - a ring of see invisible (left hand)
 Z - an amulet of the acrobat
Wands
 d - a wand of acid (21)
 l - a wand of flame (131)
 B - a wand of iceblast (18)
 K - a wand of paralysis (14)
 O - a wand of mindburst (26)
 V - a wand of digging (23)
 W - a wand of polymorph (9)
Scrolls
 k - 5 scrolls of enchant armour
 p - a scroll of silence
 u - 8 scrolls of poison
 v - a scroll of brand weapon
 w - 3 scrolls of fear
 x - 15 scrolls of teleportation
 C - 5 scrolls of fog
 R - a scroll of summoning
Potions
 c - 8 potions of haste
 e - 10 potions of lignification
 j - a potion of cancellation (quivered)
 q - 21 potions of curing
 s - 6 potions of might
 z - 4 potions of resistance
 A - a potion of ambrosia
 H - 3 potions of berserk rage
 I - 4 potions of invisibility
 J - 3 potions of mutation
 L - 8 potions of flight


   Skills:
 + Level 25.9 Fighting
 * Level 24.9(26.2) Axes
 - Level 15.0(22.8) Polearms
 - Level 13.0(15.9) Staves
 - Level 10.0 Ranged Weapons
 + Level 26.0 Armour
 - Level 11.2 Dodging


You had 22 spell levels left.
You didn't know any spells.
Your spell library contained the following spells:

 Spells                   Type           Power      Damage    Failure   Level
 Necrotise                Necr           0%         1d4       73%         1
 Vampiric Draining        Necr           0%         2d6       97%         3
 Agony                    Necr           0%         N/A       100%        5


Dungeon Overview and Level Annotations

Branches:
Dungeon (15/15)            Temple (1/1) D:7            Lair (5/5) D:11
  Swamp (4/4) Lair:3        Snake (4/4) Lair:2        Slime (0/5) Lair:5
    Orc (2/2) D:10            Elf (0/3) Orc:2        Vaults (5/5) D:14
  Crypt (0/3) Vaults:2     Depths (4/4) D:15            Zot (0/5) Depths:4
 WizLab (visited)         Desolation (visited)

Altars:
Ashenzari
Cheibriados
Dithmenos
Elyvilon
Fedhas
Gozag
Hepliaklqana
Kikubaaqudgha
Makhleb
Nemelex Xobeh
Okawaru
Qazlal
Ru
Sif Muna
Trog
Uskayaw
Vehumet
Wu Jian
Xom
Yredelemnul
Zin
The Shining One
Jiyva

Shops:
D:4 (   D:10 [   D:13 *   Orc:2 [(:[   Snake:1 (   Snake:3 *   Snake:4 *
Vaults:2 !   Depths:1 =:=   Depths:3 =:

Portals:
Hell: Depths:1 Depths:2 Depths:3 Depths:4
Abyss: Lair:2 Depths:3
Pandemonium: Depths:2
Ziggurat: Depths:3

Annotations:
Lair:2 2 transporters, Danienth's ghost, journeyman DsNe
Swamp:3 Roxanne
Orc:2 2 transporters, devnull's ghost, journeyman MfGl
Vaults:3 1 runed translucent door, hyperkahler's ghost, veteran MiFi
Vaults:5 Mara


Innate Abilities, Weirdness & Mutations

You have a pair of horns on your head.
You reflexively headbutt those who attack you in melee.
Your magical capacity is low. (-10% MP)
A frigid envelope surrounds you and freezes all who hurt you.
You occasionally shout uncontrollably at your foes.


Message History

The bolt hits you but does no damage.
The fire giant hits you with a +1 great sword of flaming!!
* * * LOW HITPOINT WARNING * * *
The fire giant is very cold.
The fire giant is heavily wounded.
The stone giant hits you.
* * * LOW HITPOINT WARNING * * *
The stone giant is very cold.
The stone giant is severely wounded.
Blink to where?
Press: ? - help, Dir - move target
Found a whip, a potion of curing, a silver rune of Zot and 54 gold pieces.
As you read the scroll of blinking, it crumbles to dust.
You feel much better.
The basilisk changes into a sky beast!
Found a potion of flight.
Found a book of the Dragon.
The stone giant throws a large rock.
The large rock hits you but does no damage.
The fire giant gestures at you while chanting.
The fireball explodes!
The fireball engulfs you! You resist.
* * * LOW HITPOINT WARNING * * *
You hear a shout! x7
The stone giant throws a large rock.
The large rock hits you!!
* * * LOW HITPOINT WARNING * * *
The war gargoyle launches metal splinters at you.
The spray of metal splinters misses you.
The war gargoyle closely misses you. The war gargoyle misses you.
The war gargoyle barely misses you. You furiously retaliate!
You headbutt the war gargoyle, but do no damage.
The war gargoyle hits you with a +0 morningstar!
* * * LOW HITPOINT WARNING * * *
The war gargoyle resists.
The war gargoyle is very cold.
The war gargoyle is lightly damaged.
The vault guard shouts!
You hear a shout!
The war gargoyle completely misses you. You furiously retaliate!
You headbutt the war gargoyle, but do no damage.
Your skin crawls.
You feel strong-willed.
The war gargoyle launches metal splinters at you.
The spray of metal splinters hits you!!!
You die...

##}.#. : ##...##. #
#!.#$.Cc# # .#
##......####.#
..........p....#
......####C....#
...)#.?# #....##
..φ##...##9!.## .$#
#...?#@.## .#
#......#####
..####......#
..#....#....# ##
...##...#....#..)
.... #..#....#p##
..... #.p......e.
##########p.p..H..##
.......ppp.....


You could see a fire giant, a vault warden, 2 vault guards, a war gargoyle
(catching breath), an ironbound convoker and a yaktaur.

Vanquished Creatures
  Boris (twice) (Vaults:2 Vaults:4)
  A golden dragon (Depths:4)
  An electric golem (WizLab)
  A tentacled monstrosity (Depths:3)
  A lich (Depths:4)
  Mlioglotl (Swamp:4)
  2 walking earthen tomes (Depths:4)
  A walking frostbound tome (Depths:4)
  Asterion (Depths:2)
  The ghost of Doddyp the Executioner, an adept HOBe of Trog (Swamp:3)
  A titan (Vaults:5)
  A quicksilver dragon (Depths:4)
  An ancient champion (Vaults:2)
  6 sphinxes
  3 storm dragons
  2 shadow dragons (Depths:4)
  8 nagarajas
  2 tengu reavers
  Donald (Vaults:4)
  6 frost giants
  11 fire giants
  15 vault wardens
  3 orc warlords
  2 imperial myrmidons (Desolation)
  A ghoul (Vaults:2)
  Aizul (Depths:1)
  2 war gargoyles
  14 ironbound preservers
  A draconian stormcaller (Depths:4)
  An angel (WizLab)
  11 very ugly things
  14 stone giants
  3 vampire knights
  A green draconian (Depths:4)
  A purple draconian (Depths:4)
  17 dire elephants
  10 ironbound thunderhulks
  4 eleionomae
  6 bunyips
  A white draconian (Depths:4)
  9 spark wasps
  A halazid warlock (Desolation)
  A yellow draconian (Depths:4)
  2 black draconians (Depths:4)
  3 entropy weavers (Vaults:4)
  A red draconian (Depths:4)
  The ghost of Wufiun the Covert, a journeyman GnDe of Gozag (Lair:3)
  12 fire dragons
  11 ettins
  A deep elf death mage (Vaults:5)
  5 crystal guardians
  2 shambling mangroves (Swamp:4)
  3 ragged hierophants (Desolation)
  2 merfolk impalers (Depths:3)
  4 great orbs of eyes
  4 yaktaur captains
  A rakshasa (Abyss:2)
  16 peacekeepers
  A servant of whispers (Desolation)
  3 spriggan air magi
  5 boulder beetles
  29 hydras
  11 ice dragons
  A salamander tyrant (WizLab)
  6 ogre magi
  18 vault guards
  2 catoblepae
  22 centaur warriors
  2 anacondas (shapeshifter)
  A ghost crab (Swamp:1)
  3 anacondas
  8 ironbound frosthearts
  18 two-headed ogres
  12 alligators
  11 death yaks
  4 spriggan berserkers
  10 naga warriors
  13 deep troll shamans
  5 tengu warriors
  2 vampire magi
  A shock serpent (shapeshifter) (D:15)
  10 deep troll earth magi
  A soul eater (Vaults:2)
  20 hell knights
  An orc high priest (Orc:1)
  14 shock serpents
  5 naga sharpshooters
  Amaemon (Lair:3)
  Lodul (D:11)
  13 iron trolls
  9 sea snakes
  3 glowing orange brains
  7 goliath frogs
  4 spriggan druids (Swamp:1)
  A naga ritualist (Snake:3)
  15 swamp dragons
  A glowing orange brain (shapeshifter) (Depths:1)
  26 ironbound convokers
  2 bog bodies
  8 harpies
  A phantasmal warrior (Vaults:5)
  58 deep trolls
  8 wizards
  A flayed ghost (Depths:4)
  12 lindwurms
  A stone giant zombie (Vaults:4)
  5 orc knights
  7 mana vipers
  An orc sorcerer (Orc:1)
  A tengu skeleton (Depths:2)
  5 cyclopes
  2 deep elf pyromancers (D:12)
  10 necromancers
  31 ugly things
  8 manticores
  8 salamanders
  3 will-o-the-wisps (Swamp:2)
  5 elephants
  2 fire giant skeletons (Depths:2)
  An iron dragon skeleton (Depths:2)
  5 guardian serpents
  28 black mambas
  15 naga magi
  6 vault sentinels
  2 smoke demons (Abyss:2)
  2 torpor snails
  9 gargoyles
  An orange demon (Lair:3)
  5 molten gargoyles (WizLab)
  10 cane toads
  An unseen horror (D:11)
  A cane toad (shapeshifter) (Depths:3)
  7 komodo dragons
  A yaktaur zombie (Vaults:1)
  An elf zombie (Vaults:1)
  A yaktaur (shapeshifter) (D:15)
  43 yaktaurs
  A rime drake (Lair:5)
  An efreet (D:14)
  5 tyrant leeches
  6 trolls
  2 meliai (D:14)
  A queen bee (shapeshifter) (Depths:1)
  A bloated husk (Swamp:2)
  A queen bee (Lair:5)
  A tengu simulacrum (Vaults:1)
  A sphinx simulacrum (Depths:2)
  35 saltlings (Desolation)
  28 blink frogs
  9 hornets
  11 polar bears
  2 raiju (Lair:5)
  24 slime creatures
  3 dream sheep
  2 human simulacra (Vaults:4)
  8 spriggans
  2 shadows (D:11)
  2 water elementals
  A ynoxinul (Abyss:2)
  Sigmund (D:2)
  4 vampires (D:13)
  2 wyverns
  3 fire elementals (WizLab)
  5 basilisks
  3 fire bats
  2 large abominations (Abyss:2)
  2 redbacks (Vaults:4)
  6 humans (D:14)
  43 yaks
  Grum (D:11)
  Menkaure (D:7)
  18 vampire mosquitoes
  A swamp worm (shapeshifter) (Depths:4)
  A glowing shapeshifter zombie (Vaults:1)
  10 swamp worms
  2 small abominations (Abyss:2)
  27 nagas
  7 wargs
  4 acid dragons
  2 floating eyes
  2 glowing shapeshifter skeletons
  13 water moccasins
  15 hell hounds (Lair:5)
  2 ice beasts (D:7)
  7 swamp drakes
  2 human zombies (Vaults:1)
  A sky beast (D:7)
  13 black bears
  22 orc warriors
  9 boggarts
  39 ogres
  21 wolves
  10 centaurs
  The ghost of DemonSlayer the Digger, an amateur DsEE (D:4)
  2 kobold brigands
  2 phantoms
  18 bullfrogs
  An earth elemental (WizLab)
  A gnoll sergeant (D:6)
  A necrophage (D:7)
  4 scorpions
  5 wights (D:8)
  10 killer bees
  8 electric eels
  7 howler monkeys
  13 orc priests
  A quasit (Abyss:2)
  A starcursed mass (Abyss:2)
  2 jellies
  Crazy Yiuf (D:7)
  6 hounds
  An iron imp (Abyss:2)
  5 iguanas
  21 orc wizards
  2 lightning spires (WizLab)
  6 hell rats (Lair:5)
  Robin (D:4)
  13 gnolls
  9 adders
  2 shadow imps
  3 white imps
  3 ufetubi
  3 worms
  2 dart slugs
  75 orcs
  5 ball pythons
  8 bats
  11 endoplasms
  3 giant cockroaches
  23 goblins
  3 hobgoblins
  4 jackals (D:1)
  4 quokkas
  3 frilled lizards
  3 goblin skeletons (D:7)
  2 goblin zombies (D:7)
  A hobgoblin zombie (D:7)
  19 kobolds
  A kobold zombie (D:7)
  2 orc zombies (D:7)
  8 rats
  A fire vortex (D:15)
1658 creatures vanquished.

Vanquished Creatures (collateral kills)
  Margery (Depths:3)
  Bai Suzhen (Depths:2)
  Frederick (Vaults:2)
  the Lernaean hydra (Swamp:4)
  Vashnia (Snake:4)
  Nikola (Snake:4)
  A tentacled monstrosity (Lair:3)
  A lich (Vaults:3)
  A tengu reaver (Vaults:3)
  An orc warlord (Vaults:4)
  An imperial myrmidon (Desolation)
  A vault warden (Vaults:3)
  A very ugly thing (Vaults:3)
  A halazid warlock (Desolation)
  A deep elf annihilator (Vaults:3)
  An ettin (Depths:4)
  A green death (Abyss:2)
  A yaktaur captain (Vaults:1)
  An ice dragon (Depths:4)
  A hydra (Swamp:4)
  3 vault guards (D:14)
  An ogre mage (Vaults:4)
  A centaur warrior (Vaults:1)
  4 naga sharpshooters (Snake:4)
  2 spriggans (Lair:3)
  A wretched star (Abyss:2)
  A hell knight (Depths:2)
  2 swamp dragons (Swamp:4)
  A slime creature (D:12)
  A glowing orange brain (Vaults:1)
  An ironbound convoker (Vaults:3)
  A lindwurm (Vaults:3)
  2 necromancers
  A will-o-the-wisp (Lair:3)
  A salamander (Snake:4)
  A manticore (D:14)
  A naga mage (Snake:4)
  5 yaktaurs
  A tengu conjurer (Depths:1)
  A meliai (D:14)
  2 saltlings (Desolation)
  3 hornets
  3 dream sheep (Lair:5)
  An ettin zombie (Vaults:1)
  A human (D:14)
  A neqoxec (Abyss:2)
  4 nagas (Snake:4)
  2 orc warriors (Orc:1)
  An ogre (D:11)
  A wolf (Lair:3)
  A killer bee (D:9)
  3 starcursed masses (Abyss:2)
75 creatures vanquished.

Vanquished Creatures (others)
  A fire giant (Depths:2)
  An ironbound preserver (Vaults:1)
  A vampire knight (Vaults:2)
  A deep troll shaman (Depths:2)
  A hell knight (Depths:1)
  2 guardian serpents (Snake:4)
  A black mamba (Snake:3)
  A bloated husk (Swamp:1)
  A slime creature zombie (D:12)
  A redback (Vaults:4)
  A quokka (Depths:3)
  54 bushes
  26 foxfires
  48 fungi
  90 plants
230 creatures vanquished.

Grand Total: 1963 creatures vanquished

Notes
Turn   | Place    | Note
-------+----------+-------------------------------------------
     0 | D:1      | KidAlby the Minotaur Berserker began the quest for the Orb.
     0 | D:1      | Reached XP level 1. HP: 19/19 MP: 0/0
   220 | D:1      | Reached XP level 2. HP: 24/27 MP: 1/1
   592 | D:1      | Reached XP level 3. HP: 26/33 MP: 2/2
   775 | D:1      | Reached ** piety under Trog
   978 | D:2      | Reached skill level 5 in Axes
  1059 | D:2      | Found a faded altar of an unknown god.
  1351 | D:2      | Noticed Sigmund
  1455 | D:2      | Killed Sigmund
  1456 | D:2      | Reached XP level 4. HP: 40/40 MP: 3/3
  1456 | D:2      | Reached XP level 5. HP: 46/46 MP: 4/4
  1783 | D:2      | Found a glowing golden altar of the Shining One.
  2509 | D:3      | Noticed a phantom
  2529 | D:3      | Killed a phantom
  2530 | D:3      | Reached XP level 6. HP: 45/52 MP: 5/5
  2917 | D:4      | You fall into a shaft and drop 2 floors!
  3083 | D:5      | Entered Level 5 of the Dungeon
  3111 | D:4      | Reached XP level 7. HP: 58/58 MP: 6/6
  3429 | D:4      | Reached skill level 10 in Axes
  3492 | D:4      | Reached *** piety under Trog
  3499 | D:4      | Reached skill level 3 in Armour
  3688 | D:4      | Found a radiant altar of Vehumet.
  3755 | D:4      | Noticed Robin
  3768 | D:4      | Killed Robin
  3806 | D:4      | Noticed DemonSlayer's ghost (amateur DsEE)
  3809 | D:4      | Found a runed translucent door.
  3892 | D:4      | Found Kuuhee's Antique Weapon Shoppe.
  3902 | D:4      | Bought a faintly glowing arbalest for 237 gold pieces
  3902 | D:4      | Identified the +4 arbalest "Leuw" {flame, rElec rPois rF-
                  | rC++} (You bought it in a shop on level 4 of the Dungeon)
  3983 | D:4      | Reached skill level 4 in Armour
  4220 | D:4      | Reached skill level 1 in Ranged Weapons
  4295 | D:4      | Killed DemonSlayer's ghost
  4356 | D:5      | Reached XP level 8. HP: 61/66 MP: 7/7
  4659 | D:5      | Found a hide-covered altar of Uskayaw.
  4689 | D:5      | Reached skill level 5 in Ranged Weapons
  4984 | D:5      | Found a broken altar of Ashenzari.
  5777 | D:7      | Noticed Menkaure
  5787 | D:7      | Killed Menkaure
  5947 | D:7      | Found a runed translucent door.
  5948 | D:7      | Noticed Crazy Yiuf
  5957 | D:7      | Killed Crazy Yiuf
  6033 | D:7      | Found a glowing golden altar of the Shining One.
  6459 | D:7      | Reached **** piety under Trog
  6481 | D:7      | Reached XP level 9. HP: 63/71 MP: 8/8
  6564 | D:7      | Found a staircase to the Ecumenical Temple.
  6920 | D:7      | Reached skill level 10 in Ranged Weapons
  7273 | Temple   | Entered the Ecumenical Temple
  7648 | D:8      | Reached skill level 5 in Fighting
  7894 | D:8      | Found a shadowy altar of Dithmenos.
  7894 | D:8      | Found a bloodstained altar of Trog.
  8022 | D:9      | Identified the +0 pair of boots of the Ecumenical Temple
                  | {rPois rC++ Regen+ Str-4}
  8891 | D:10     | Entered Level 10 of the Dungeon
  8898 | D:10     | Reached XP level 10. HP: 91/91 MP: 9/9
  9116 | D:9      | Paralysed by a hornet for 2 turns
  9147 | D:9      | Reached skill level 10 in Fighting
 10474 | D:10     | Found an ornate altar of the Wu Jian Council.
 10604 | D:10     | Found a staircase to the Orcish Mines.
 10614 | D:10     | Found Lessopt's Armour Shoppe.
 10622 | D:10     | Bought a +1 pair of boots for 172 gold pieces
 10648 | D:10     | Found an ancient bone altar of Kikubaaqudgha.
 10653 | D:10     | Identified the +0 ring mail "Lihafuurgh" {-Cast +Inv Dex+4
                  | Stlth+}
 10828 | D:11     | Noticed a manticore
 10837 | D:11     | Killed a manticore
 10838 | D:11     | Reached skill level 5 in Armour
 10993 | D:11     | Reached skill level 6 in Armour
 11138 | D:11     | Found a staircase to the Lair.
 11138 | D:11     | Noticed a manticore
 11409 | D:10     | Reached skill level 5 in Dodging
 11450 | D:10     | Reached XP level 11. HP: 78/105 MP: 10/10
 11608 | D:11     | Reached skill level 7 in Armour
 12410 | D:11     | Reached ***** piety under Trog
 12803 | D:11     | Noticed Lodul
 12852 | D:11     | Reached skill level 8 in Armour
 12994 | D:11     | Noticed Grum
 13003 | D:11     | Killed Grum
 13103 | D:11     | Killed Lodul
 13133 | D:11     | Reached skill level 9 in Armour
 13515 | D:11     | Identified 2 scrolls of acquirement
 13516 | D:11     | Acquired the +2 hat "Qibluic" {rElec rPois rC+ Str+2}
 13524 | D:11     | Acquired 459 gold pieces
 13563 | Lair:1   | Entered Level 1 of the Lair of Beasts
 13714 | Lair:1   | Noticed a catoblepas
 13739 | Lair:1   | Killed a catoblepas
 13740 | Lair:1   | Reached skill level 10 in Armour
 14458 | Lair:1   | Reached XP level 12. HP: 101/113 MP: 11/11
 14465 | Lair:1   | Reached skill level 11 in Armour
 15184 | Lair:2   | Noticed a four-headed hydra
 15202 | Lair:1   | Killed a six-headed hydra
 15203 | Lair:1   | Reached skill level 10 in Dodging
 15634 | Lair:1   | Reached skill level 12 in Armour
 16230 | Lair:2   | Found a transporter.
 16241 | Lair:2   | Found a transporter.
 16242 | Lair:2   | Noticed a hell hog
 16265 | Lair:2   | Noticed a five-headed hydra
 16271 | Lair:2   | Killed a five-headed hydra
 16276 | Lair:2   | Found a staircase to the Snake Pit.
 16302 | Lair:2   | Noticed Danienth's ghost (journeyman DsNe)
 16308 | Lair:2   | Found a one-way gate to the infinite horrors of the Abyss.
 16708 | Lair:3   | Found a staircase to the Swamp.
 16731 | Lair:3   | Reached skill level 1 in Staves
 17191 | Lair:3   | Found a runed translucent door.
 17191 | Lair:3   | Noticed Wufiun's ghost (journeyman GnDe)
 17192 | Lair:3   | Identified the +6 trident "Xisev" {venom, rF+ Str+3}
 17468 | Lair:3   | Noticed a five-headed hydra
 17785 | Lair:3   | Noticed a boulder beetle
 17920 | Lair:2   | Reached skill level 5 in Staves
 18212 | Lair:3   | Noticed Amaemon
 18759 | D:10     | Bought the +8 plate armour "Xonoisho" {rPois rF+ Str+5} for
                  | 1375 gold pieces
 18870 | Lair:3   | Killed Amaemon
 18884 | Lair:3   | Killed a five-headed hydra
 18885 | Lair:3   | Reached XP level 13. HP: 91/119 MP: 12/12
 19639 | Lair:4   | Reached skill level 10 in Staves
 20156 | Lair:5   | Entered Level 5 of the Lair of Beasts
 20171 | Lair:4   | Reached skill level 13 in Armour
 20325 | Lair:4   | Received a gift from Trog
 20859 | Lair:5   | Found a viscous altar of Jiyva.
 20860 | Lair:5   | Found a staircase to the Slime Pits.
 21115 | Lair:4   | Reached skill level 14 in Armour
 21216 | Lair:5   | Reached XP level 14. HP: 112/132 MP: 13/13
 22051 | Lair:5   | Identified the +6 chain mail "Cuyca" {Str+6}
 22628 | D:12     | Reached skill level 15 in Armour
 23119 | Orc:1    | Entered Level 1 of the Orcish Mines
 23222 | D:10     | Reached skill level 15 in Fighting
 23474 | D:10     | Received a gift from Trog
 23791 | Orc:2    | Entered Level 2 of the Orcish Mines
 24095 | Lair:3   | Killed Wufiun's ghost
 24294 | Swamp:1  | Entered Level 1 of the Swamp
 24399 | Swamp:1  | Noticed a tentacled monstrosity
 24671 | Orc:1    | Reached skill level 16 in Armour
 24765 | Orc:1    | Reached XP level 15. HP: 101/143 MP: 14/14
 25072 | Orc:2    | Found a staircase to the Elven Halls.
 25136 | Orc:1    | Reached skill level 1 in Polearms
 25290 | Orc:2    | Found a transporter.
 25297 | Orc:2    | Found a bloodstained altar of Trog.
 25297 | Orc:2    | Found a transporter.
 25297 | Orc:2    | Noticed devnull's ghost (journeyman MfGl)
 25321 | Orc:2    | Found Taesuklu's Armour Emporium.
 25321 | Orc:2    | Found Rorghuu's Weapon Boutique.
 25321 | Orc:2    | Found Moucun's Book Boutique.
 25321 | Orc:2    | Found Woezirur's Armour Shoppe.
 26415 | D:13     | Found Layx's Blood Bar.
 26906 | D:14     | Received a gift from Trog
 27010 | D:14     | Identified the amulet of Osuho {Acrobat Harm *Slow rC+
                  | Int+2}
 27179 | D:14     | Reached skill level 17 in Armour
 27208 | D:14     | Reached skill level 5 in Polearms
 27260 | D:14     | Found a gate to the Vaults.
 27441 | D:15     | Entered Level 15 of the Dungeon
 27538 | D:15     | Found a staircase to the Depths.
 28501 | Lair:3   | Killed a tentacled monstrosity
 28502 | Lair:3   | Reached XP level 16. HP: 86/156 MP: 15/15
 28864 | Swamp:1  | Reached skill level 18 in Armour
 28914 | Swamp:1  | Reached XP level 17. HP: 146/165 MP: 16/16
 29743 | Swamp:1  | Reached skill level 10 in Polearms
 30105 | Swamp:2  | Identified the amulet "Wupteask" {Faith Will+}
 30406 | Swamp:2  | Reached skill level 19 in Armour
 30588 | Swamp:3  | Identified Roxanne's Parchment of Transmigration
 30588 | Swamp:3  | Noticed Roxanne
 30742 | Swamp:3  | Found a runed translucent gate.
 30742 | Swamp:3  | Found a runed translucent gate.
 30751 | Swamp:3  | Found a runed translucent gate.
 30798 | Swamp:3  | Noticed Doddyp's ghost (adept HOBe)
 30827 | Swamp:3  | Killed Doddyp's ghost
 31090 | Snake:1  | Entered Level 1 of the Snake Pit
 31378 | Snake:1  | Found Enaon's Weapon Shop.
 31749 | Snake:2  | Reached ****** piety under Trog
 32376 | Snake:2  | Reached XP level 18. HP: 172/178 MP: 17/17
 32807 | Snake:2  | Received a gift from Trog
 32916 | Snake:3  | Reached skill level 20 in Armour
 33271 | Snake:3  | Found Annui's General Store.
 34105 | Swamp:4  | Entered Level 4 of the Swamp
 34110 | Swamp:4  | Noticed Mlioglotl
 34112 | Swamp:4  | Noticed a Hell Sentinel
 34354 | Swamp:4  | Noticed the 27-headed Lernaean hydra
 34391 | Swamp:4  | Killed the 26-headed Lernaean hydra
 34447 | Swamp:4  | Killed Mlioglotl
 34670 | Swamp:4  | Got a decaying rune of Zot
 34989 | Snake:4  | Entered Level 4 of the Snake Pit
 35065 | Snake:4  | Found an ornate altar of the Wu Jian Council.
 35213 | Snake:4  | Received a gift from Trog
 35259 | Snake:4  | Found Lcvar's Luxury Loot.
 35410 | Snake:4  | Noticed Vashnia
 35543 | Snake:4  | Killed Vashnia
 35856 | Snake:4  | Reached skill level 21 in Armour
 36164 | Snake:4  | Noticed Nikola
 36181 | Snake:4  | Killed Nikola
 36373 | Snake:4  | Got a serpentine rune of Zot
 36695 | Vaults:1 | Entered Level 1 of the Vaults
 36711 | D:14     | Reached XP level 19. HP: 139/189 MP: 18/18
 36870 | Vaults:1 | Received a gift from Trog
 36877 | Vaults:1 | Reached skill level 15 in Polearms
 38109 | Vaults:1 | Paralysed by a great orb of eyes for 2 turns
 38157 | Vaults:1 | Reached skill level 22 in Armour
 38635 | Vaults:2 | Found a crumbling gateway.
 38643 | Desolati | Entered the Desolation of Salt
 38655 | Desolati | Received a gift from Trog
 38718 | Desolati | Reached skill level 15 in Axes
 38775 | Desolati | Identified the +3 quarterstaff of Starshine {flame,
                  | *Corrode +Blink Will++ Stlth+}
 38777 | Desolati | Identified the +4 robe of Guophics {+Blink}
 38941 | Desolati | Identified the +10 quarterstaff "Kobom" {venom, rElec rC+
                  | Dex+3}
 39134 | Desolati | Found the +8 longbow "Zephyr" {speed, Dex+3 SInv}
 39149 | Desolati | Identified the ring "Joel" {rElec rCorr Str+5}
 39192 | Desolati | Received a gift from Trog
 39399 | Vaults:2 | Noticed Frederick
 39406 | Vaults:2 | Killed Frederick
 39407 | Vaults:2 | Reached XP level 20. HP: 163/201 MP: 19/19
 39550 | Vaults:2 | Noticed Boris
 39566 | Vaults:2 | Killed Boris
 39787 | Vaults:2 | Paralysed by a sphinx for 2 turns
 39822 | Abyss:2  | Cast into level 2 of the Abyss (a wizard)
 39992 | Abyss:2  | Lost intelligence.
 40015 | Abyss:2  | Gained mutation: You occasionally lose the ability to drink
                  | potions when taking damage. [a neqoxec]
 40023 | Vaults:2 | Escaped the Abyss
 40263 | Vaults:2 | Found a staircase to the Crypt.
 40397 | Vaults:2 | Received a gift from Trog
 40402 | Vaults:2 | Reached skill level 23 in Armour
 40607 | Vaults:2 | Paralysed by a great orb of eyes for 3 turns
 40822 | Vaults:2 | Found Ricao's Distillery.
 40835 | Vaults:2 | Bought a potion of mutation for 104 gold pieces
 40835 | Vaults:2 | Bought a potion of curing for 39 gold pieces
 40835 | Vaults:2 | Bought a potion of curing for 39 gold pieces
 40835 | Vaults:2 | Bought a potion of heal wounds for 65 gold pieces
 40835 | Vaults:2 | Bought a potion of curing for 39 gold pieces
 41840 | Vaults:3 | Found a runed translucent door.
 41843 | Vaults:3 | Noticed hyperkahler's ghost (veteran MiFi)
 42254 | Vaults:3 | Reached XP level 21. HP: 212/212 MP: 20/20
 42761 | Vaults:4 | Received a gift from Trog
 43123 | Vaults:4 | Noticed Boris
 43136 | Vaults:4 | Killed Boris
 43322 | Vaults:4 | Noticed Donald
 43333 | Vaults:4 | Killed Donald
 43716 | Vaults:4 | Paralysed by a great orb of eyes for 4 turns
 43725 | Vaults:4 | Received a gift from Trog
 43925 | Vaults:4 | Reached skill level 24 in Armour
 44272 | Vaults:4 | Found the +15 Maxwell's patent armour {-Cast -Tele rElec
                  | Will+ rCorr}
 44461 | Depths:1 | Entered Level 1 of the Depths
 44467 | Depths:1 | Found Vuv Geyw's Jewellery Boutique.
 44467 | Depths:1 | Found Tetuqoon's Book Shoppe.
 44468 | Depths:1 | Found Colaet Miruwn's Jewellery Boutique.
 44502 | Depths:1 | Found a magical portal.
 44514 | Depths:1 | Noticed Aizul
 44528 | Depths:1 | Killed Aizul
 44621 | WizLab   | Entered Maxwell's Workshop
 44869 | WizLab   | Received a gift from Trog
 44887 | WizLab   | Identified the ring of Wu Jian, Changing {Ice Will+}
 45190 | WizLab   | Identified the +7 dagger of Ignis, Healing {vorpal, Int+5}
 45212 | WizLab   | Identified the +10 great mace "Niroecw" {spect, rN+}
 45326 | Depths:1 | Lost mutation: You occasionally lose the ability to drink
                  | potions when taking damage. [potion of mutation]
 45326 | Depths:1 | Gained mutation: You have a pair of large horns on your
                  | head. [potion of mutation]
 45326 | Depths:1 | Gained mutation: You are frail. (-10% HP) [potion of
                  | mutation]
 45327 | Depths:1 | Lost mutation: You are frail. (-10% HP) [potion of
                  | mutation]
 45327 | Depths:1 | Lost mutation: You have a pair of large horns on your head.
                  | [potion of mutation]
 45327 | Depths:1 | Gained mutation: Your magical capacity is low. (-10% MP)
                  | [potion of mutation]
 45327 | Depths:1 | Gained mutation: You are strong-willed. (Will+) [potion of
                  | mutation]
 45327 | Depths:1 | Gained mutation: You have a somewhat thin skeletal
                  | structure. (Dex +2, Stealth+) [potion of mutation]
 45333 | Depths:1 | Lost mutation: You are strong-willed. (Will+) [potion of
                  | mutation]
 45333 | Depths:1 | Lost mutation: You have a somewhat thin skeletal structure.
                  | (Dex +2, Stealth+) [potion of mutation]
 45333 | Depths:1 | Gained mutation: You occasionally shout uncontrollably at
                  | your foes. [potion of mutation]
 45333 | Depths:1 | Gained mutation: A frigid envelope surrounds you and
                  | freezes all who hurt you. [potion of mutation]
 45682 | Depths:1 | Reached XP level 22. HP: 212/224 MP: 18/18
 45955 | Depths:1 | Found a gateway to Hell.
 46438 | Depths:2 | Received a gift from Trog
 46703 | Depths:2 | Paralysed by a floating eye for 2 turns
 46916 | Depths:2 | Found a one-way gate leading to the halls of Pandemonium.
 46932 | Depths:2 | Identified the +1 scale mail of Monotheism {SInv}
 46993 | Depths:2 | Noticed Bai Suzhen
 47003 | Depths:2 | Killed Bai Suzhen
 47028 | Depths:2 | Found a gateway to a bazaar.
 47043 | Depths:2 | Noticed Asterion
 47062 | Depths:2 | Killed Asterion
 47086 | Bazaar   | Entered a bazaar
 47092 | Bazaar   | Found Vitsug's Distillery.
 47112 | Bazaar   | Found Ciotryh's Distillery.
 47119 | Bazaar   | Found Kajuogreofo's Antique Weapon Boutique.
 47140 | Bazaar   | Found Keqaig's Magic Scroll Boutique.
 47144 | Bazaar   | Bought a scroll of blinking for 90 gold pieces
 47144 | Bazaar   | Bought a scroll of summoning for 114 gold pieces
 47144 | Bazaar   | Bought a scroll of blinking for 90 gold pieces
 47166 | Bazaar   | Bought a potion of might for 36 gold pieces
 47166 | Bazaar   | Bought a potion of haste for 90 gold pieces
 47166 | Bazaar   | Bought a potion of curing for 27 gold pieces
 47166 | Bazaar   | Bought a potion of curing for 27 gold pieces
 47166 | Bazaar   | Bought a potion of curing for 27 gold pieces
 47166 | Bazaar   | Bought a potion of curing for 27 gold pieces
 47183 | Bazaar   | Bought a potion of mutation for 96 gold pieces
 47183 | Bazaar   | Bought a potion of heal wounds for 60 gold pieces
 47228 | Depths:2 | Reached skill level 25 in Armour
 47426 | Depths:2 | Found a sparkling altar of Nemelex Xobeh.
 47568 | Depths:3 | Found Uwikhlee's Jewellery Shoppe.
 47588 | Depths:3 | Found a white marble altar of Elyvilon.
 47657 | Depths:3 | Noticed Margery
 47760 | Depths:3 | Identified the +8 lajatang "Grim Tooth" {vorpal, rN++
                  | Will-} (Trog gifted it to you on level 3 of the Depths)
 47760 | Depths:3 | Received a gift from Trog
 47771 | Depths:3 | Killed Margery
 47820 | Depths:3 | Identified the +5 rapier "Topycaf" {holy, rElec rC- Str+2
                  | Stlth+}
 47828 | Depths:3 | Found a one-way gateway to a ziggurat.
 47871 | Depths:3 | Found Ameled Latuf's Book Shop.
 48045 | Depths:3 | Found the +11 plutonium sword {Contam Stlth-}
 48520 | Depths:4 | Entered Level 4 of the Depths
 48810 | Depths:4 | Received a gift from Trog
 48849 | Depths:4 | Reached XP level 23. HP: 162/222 MP: 19/19
 49461 | Depths:4 | Identified the +1 cloak "Eroall" {Drain rElec Regen+ Dex-4}
 49504 | Depths:4 | Found a gate to the Realm of Zot.
 49640 | Depths:4 | Received a gift from Trog
 50228 | Vaults:5 | Entered Level 5 of the Vaults
 50228 | Vaults:5 | Noticed Mara
 50232 | Vaults:5 | Noticed an ancient lich
 50257 | Vaults:5 | Reached skill level 26 in Armour
 50262 | Vaults:5 | Paralysed by a sphinx for 3 turns
 50277 | Vaults:5 | Killed from afar by a war gargoyle

Illustrated notes

Levels and vault maps discovered:
D:1:      dpeg_arrival_stonehenge_8_columns, layout_rooms, minmay_3d_cube
D:2:      layout_loops_ring, basic_altar, ebering_ecumenical_altar_abandoned,
          uniq_sigmund
D:3:      layout_basic, minmay_starry_boxes
D:4:      layout_basic, mainiacjoe_overflow_six_doors_small,
          hellmonk_ghost_happy_afterlife, serial_shops, nicolae_lakefront_shop,
          minmay_joined_circles, uniq_robin
D:5:      layout_rooms, nicolae_overflow_hidden_temple, lemuel_doored_altar
D:6:      layout_loops_ring
D:7:      layout_basic, nicolae_tso_besieged_by_evil,
          minmay_temple_entry_statues, uniq_menkaure, uniq_crazy_yiuf_cottage
D:8:      layout_gridville, gammafunk_temple_overflow_elements,
          dreamdust_princess_corridor, lightli_orcish_oven
D:9:      layout_loops_ring
D:10:     layout_cave_pools, mainiacjoe_overflow_tiny_flanked,
          mainiacjoe_overflow_alcove_4, orc_david_3, serial_rivers,
          chequers_serial_rivers_micro_c, chequers_serial_rivers_room_b,
          chequers_serial_rivers_small_3, chequers_serial_rivers_micro_e,
          chequers_serial_rivers_micro_b
D:11:     layout_cave_pods, erik_lair_island, uniq_lodul, uniq_grum
D:12:     layout_roguey
D:13:     layout_loops_ring, guppyfry_shop_blood
D:14:     layout_basic, ximxim_vaults_locker_room, kennysheep_generic_room_13
D:15:     gammafunk_enter_depths_forms, layout_long_grid,
          hangedman_abyss_or_decor_stabs, portal_ice_cave_entry_pillars_three,
          dreamdust_mushroom_princess, grunt_decor_junction
Temple:   nicolae_temple_great_sept
Lair:1:   layout_long_grid, beast_lair_carwin_10
Lair:2:   layout_cave_shapes, guppyfry_snake_entry_island,
          gammafunk_ghost_abyssal_escape, nicolae_quartered_pool_little,
          grunt_megastairs_4
Lair:3:   layout_long_grid, swamp_mist, ebering_ghost_funeral_grove,
          grunt_megastairs_3, uniq_amaemon
Lair:4:   layout_gridlike, serial_forest, infiniplex_forest_lined_1,
          infiniplex_forest_lined_2, infiniplex_forest_clump_double,
          infiniplex_forest_lined_3, infiniplex_forest_lined_3_way,
          infiniplex_forest_lined_corner, infiniplex_forest_clump_small,
          infiniplex_forest_join, nzn_random_ring
Lair:5:   hangedman_lair_caniforms_friends, layout_loops_ring,
          dpeg_slime_entry_enclosed, chequers_serial_rivers_large_b,
          infiniplex_staircase_pool_2
Swamp:1:  layout_basic_swamp, evilmike_swamp_ruin_rubble_2
Swamp:2:  layout_basic_swamp, nicolae_swamp_some_circles
Swamp:3:  layout_falls_marsh, ebering_ghost_rock_garden,
          hangedman_swamp_ruin_wall, uniq_roxanne
Swamp:4:  swamp_old_school, layout_basic_swamp, uniq_mlioglotl
Snake:1:  layout_onion, serial_shops, nicolae_shop_bloodbath_and_beyond
Snake:2:  layout_basic, nicolae_snake_bzzzt
Snake:3:  layout_concentric_octagons, serial_shops, shop
Snake:4:  grunt_snake_rune_pools, layout_cave_pods, basic_altar,
          nicolae_alphabet_shops, uniq_vashnia, uniq_nikola
Orc:1:    layout_caves
Orc:2:    st_orc_ogre_mass, layout_caves, gammafunk_ghost_wrathful_warriors
Vaults:1: nicolae_vaults_little_squares_6, vaults_room_boxed,
          nicolae_vaults_ninety_degrees, nicolae_vaults_arrows, v_misc_1,
          vaults_room_corners, vaults_mumra_minichess_inversion,
          ontoclasm_vaults_ligature, layout_vaults_omnibox
Vaults:2: portal_desolation_entry_ruin, v_misc_4, v_misc_33,
          nicolae_vaults_what_the_h, minmay_crypt_entry_simple_statues,
          v_misc_30, v_pattern_2, vaults_room_hallway, v_misc_25,
          grunt_vaults_hallway_short, st_check, layout_vaults_chaotic_city,
          serial_shops, nicolae_shop_window_shopping, uniq_boris, uniq_frederick
Vaults:3: hellmonk_ghost_big_iron, nicolae_vaults_minivaults, v_misc_25,
          nicolae_vaults_yaktaur_gun_rack, ontoclasm_vaults_spin,
          grunt_vaults_funnel, vaults_mumra_chevron_long, v_rooms_4,
          nicolae_vaults_asterisk, v_misc_3, ontoclasm_vaults_hangar,
          hangedman_vaults_restitches, vaults_dpeg_diagonal,
          layout_vaults_omnicross
Vaults:4: ontoclasm_vaults_tryst, vaults_room_fours, hangedman_vaults_capsules,
          nicolae_vaults_border_crossing, v_rooms_2,
          vaults_room_grunt_arrival_checkpoint, v_rooms_1, st_hourglassy,
          nicolae_vaults_little_squares_5, ontoclasm_vaults_twist,
          nicolae_vaults_gold_heap, layout_vaults_ring, uniq_donald
Vaults:5: uniq_mara
Depths:1: layout_long_grid, minmay_hedge_maze, infiniplex_enter_wizlab_water,
          grunt_hell_entry_dis_old, kennysheep_four_rooms, grunt_megastairs_1,
          minmay_shop_grove, serial_bayou_shore_a, uniq_aizul
Depths:2: dreamdust_hydra_shepherd, layout_cave_pools,
          pf_vacation_house_of_asmodeus, serial_shops, freezing_bzr, pan_entry,
          serial_sigils_hangedman_carve, nemelex_spade_bored_becter,
          firewood_loft, uniq_asterion, uniq_bai_suzhen, uniq_grunn
Depths:3: kennysheep_cluttered_fort, layout_long_grid, enter_ziggurat_f,
          abyss_entry, elyvilon_altar_4, serial_shops, shop,
          nicolae_stop_n_shop_2, hangedman_coc_ice_floe,
          infiniplex_staircase_river, uniq_margery
Depths:4: grunt_runaround [grunt_runaround_doors_1, grunt_runaround_doors_2,
          grunt_runaround_doors_3, grunt_runaround_doors_4,
          grunt_runaround_zot], hell_entry

Skill      XL: |  1  2  3  4  5  6  7  8  9 10 11 12 13 14 15 16 17 18 19 20 21 22 23 |
---------------+----------------------------------------------------------------------+-----
Axes           | 4 7 8 9 10 12 15 18 21 23 24 | 24.9
Armour         | 4 6 10 12 14 16 17 18 19 21 22 23 24 25 26 | 26.0
Ranged Weapons | 3 8 10 | 10.0
Fighting       | 9 12 14 15 17 18 19 21 22 23 24 25 | 25.9
Dodging        | 5 9 11 | 11.2
Staves         | 8 10 12 13 | 13.0
Polearms       | 7 9 12 14 15 | 15.0

Action                   |  1- 3 |  4- 6 |  7- 9 | 10-12 | 13-15 | 16-18 | 19-21 | 22-24 || total
-------------------------+-------+-------+-------+-------+-------+-------+-------+-------++-------
Melee: Hand axe          |    99 |   151 |   275 |   543 |   171 |    60 |       |       ||  1299
       Headbutt          |    13 |    17 |    55 |   141 |   348 |   220 |   323 |   181 ||  1298
       Punch             |       |     1 |       |    13 |    13 |     2 |       |       ||    29
       Arbalest          |       |       |     1 |    17 |       |       |       |       ||    18
       Quarterstaff      |       |       |       |     7 |   818 |       |       |       ||   825
       Trident           |       |       |       |       |   418 |    13 |       |       ||   431
       Lajatang          |       |       |       |       |       |   827 |    30 |       ||   857
       Executioner's axe |       |       |       |       |       |       |  1101 |   574 ||  1675
 Fire: Arbalest          |       |       |   170 |   136 |       |    54 |       |       ||   360
Invok: Berserk           |     1 |     1 |     3 |       |     3 |       |       |       ||     8
       Trog's Hand       |     1 |       |     1 |     2 |     3 |     1 |     1 |     4 ||    13
       Brothers in Arms  |       |       |       |     3 |    12 |     9 |    14 |     8 ||    46
Evoke: Wand              |       |       |       |     6 |     2 |       |     1 |       ||     9
  Use: Scroll            |     2 |     3 |     9 |     8 |     8 |    15 |     3 |     7 ||    55
       Potion            |       |       |       |     4 |     3 |     6 |     9 |     9 ||    31
 Stab: Paralysed         |       |       |       |       |     5 |       |       |       ||     5
       Confused          |       |       |       |       |     3 |     3 |       |       ||     6
       Distracted        |       |       |       |       |     1 |       |     2 |     2 ||     5
Armor: Animal skin       |    14 |       |       |       |       |       |       |       ||    14
       Plate armour      |       |    34 |   186 |   559 |   957 |   616 |   805 |   455 ||  3612
       Robe              |       |     8 |       |       |       |       |       |       ||     8
       Leather armour    |       |     3 |       |       |       |       |       |       ||     3
Dodge: Dodged            |    33 |    31 |   107 |   360 |   762 |   423 |   577 |   345 ||  2638
Block: Kite shield       |       |    37 |    51 |       |       |       |       |       ||    88
       Other             |       |     9 |    60 |   205 |   319 |   172 |   240 |   122 ||  1127
       Reflection        |       |       |     7 |     2 |    11 |    10 |    20 |     5 ||    55
